 Dungeon Crawl Stone Soup version 0.27-a0-406-g23f261fbd2 (webtiles) character file.

Game seed: 4167407961445861993

4927 dickylongcocking the Destroyer (level 10, -7/77 HPs)
             Began as a Black Draconian Conjurer on Feb 22, 2021.
             Was a Believer of Sif Muna.
             Mangled by a five-headed hydra (10 damage)
             ... on level 9 of the Dungeon.
             The game lasted 00:14:11 (12689 turns).

dickylongcocking the Destroyer (DrCj)              Turns: 12689, Time: 00:14:11

Health: -7/77      AC:  7    Str:  9    XL:     10   Next: 27%
Magic:  31/31      EV: 12    Int: 22    God:    Sif Muna [**....]
Gold:   248        SH:  5    Dex: 10    Spells: 17/25 levels left

rFire    . . .     SeeInvis .   d - +4 dagger (venom)
rCold    . . .     Faith    .   (no shield)
rNeg     . . .     Spirit   .   (armour unavailable)
rPois    .         Reflect  +   (helmet restricted)
rElec    +         Harm     +   w - scarf {harm}
rCorr    .         Rampage  .   (no gloves)
Will     .....                  (no boots)
Stlth    ++........             l - amulet of reflection
HPRegen  0.22/turn              u - ring of magical power
MPRegen  0.22/turn              (no ring)

@: flying
A: breathe lightning, unfitting armour, big wings, electricity resistance,
cold-blooded, MP-powered wands, AC +7
a: Breathe Lightning, Stop Flying, Renounce Religion, Channel Magic


You were on level 9 of the Dungeon.
You worshipped Sif Muna.
Sif Muna was pleased with you.
You visited 2 branches of the dungeon, and saw 10 of its levels.

You collected 330 gold pieces.
You spent 82 gold pieces at shops.

Inventory:

Hand Weapons
 a - a +0 dagger
 d - a +4 dagger of venom (weapon)
Armour
 w - a scarf of harm (worn)
Magical Staves
 r - a staff of earth
Jewellery
 l - an amulet of reflection (around neck)
 t - a ring of ice
 u - a ring of magical power (left hand)
 B - a +6 ring of strength
Wands
 m - a wand of acid (4)
 y - a wand of charming (7)
Scrolls
 b - 4 scrolls of enchant weapon {unknown}
 c - 12 scrolls of identify {unknown}
 e - a scroll of enchant armour {unknown}
 g - 4 scrolls of teleportation {unknown}
 h - 2 scrolls of noise {unknown}
 n - a scroll of fear {unknown}
 s - a scroll of magic mapping {unknown}
 v - a scroll of random uselessness {unknown}
 A - a scroll of torment {unknown}
Potions
 f - a potion of magic {unknown}
 i - a potion of resistance {unknown}
 j - 3 potions of curing
 k - a potion of degeneration {unknown}
 o - a potion of cancellation
 p - 2 potions of might
 q - 2 potions of haste {unknown}
 x - a potion of experience {unknown}
 z - 2 potions of mutation


   Skills:
 * Level 3.2 Fighting
 + Level 2.6 Dodging
 - Level 1.7 Stealth
 + Level 8.4 Spellcasting
 + Level 11.7 Conjurations
 * Level 3.1 Invocations


You had 17 spell levels left.
You knew the following spells:

 Your Spells              Type           Power        Failure   Level
a - Magic Dart            Conj           100%         1%          1
b - Searing Ray           Conj           100%         1%          2
c - Dazzling Flash        Conj/Hex       70%          1%          3
d - Blink                 Tloc           N/A          11%         2

Your spell library contained the following spells:

 Spells                   Type           Power        Failure   Level
 Conjure Flame            Conj/Fire      35%          1%          3
 Stone Arrow              Conj/Erth      70%          1%          3
 Mephitic Cloud           Conj/Pois/Air  26%          4%          3
 Fulminant Prism          Conj/Hex       17%          6%          4
 Iskenderun's Mystic Bla  Conj/Tloc      35%          6%          4
 Sandblast                Erth           18%          7%          1
 Call Imp                 Summ           9%           11%         2
 Passwall                 Tmut/Erth      7%           11%         2
 Slow                     Hex            9%           11%         2
 Petrify                  Tmut/Erth      9%           56%         4
 Lee's Rapid Deconstruct  Erth           4%           89%         5


Dungeon Overview and Level Annotations

Branches:
Dungeon (9/15)             Temple (1/1) D:5
   Lair: D:8-11         Orc: D:9-12

Altars:
Cheibriados
Dithmenos
Elyvilon
Fedhas
Gozag
Hepliaklqana
Kikubaaqudgha
Makhleb
Nemelex Xobeh
Okawaru
Qazlal
Ru
Sif Muna
Trog
Uskayaw
Wu Jian
Xom
Yredelemnul
Zin
The Shining One

Shops:
D:4 ?


Innate Abilities, Weirdness & Mutations

You can breathe wild blasts of lightning.
Your glossy black scales are hard. (AC +7)
You cannot fit into any form of body armour.
You are resistant to electric shocks. (rElec)
You are cold-blooded and may be slowed by cold attacks.
Your large and strong wings let you fly indefinitely.
You expend magic power (3 MP) to strengthen your wands.


Message History

Aim: a five-headed hydra (6% to evade)
The searing ray hits the five-headed hydra!
The five-headed hydra is lightly wounded. (Press . to maintain the ray.) Unknown command.
The searing ray hits the five-headed hydra!
The five-headed hydra is moderately wounded.
The searing ray hits the worker ant!
The worker ant is heavily wounded.
The five-headed hydra bites you! The five-headed hydra bites you.
The five-headed hydra closely misses you.
The five-headed hydra bites you! The five-headed hydra bites you.
Unknown command.
Unknown command.
The five-headed hydra barely misses you.
The five-headed hydra closely misses you.
You block the five-headed hydra's attack.
The five-headed hydra closely misses you.
The five-headed hydra bites you.
You block the five-headed hydra's attack.
The five-headed hydra bites you!
The five-headed hydra completely misses you.
The five-headed hydra bites you but does no damage.
The five-headed hydra bites you!
* * * LOW HITPOINT WARNING * * *
The five-headed hydra barely misses you.
The five-headed hydra closely misses you.
You block the five-headed hydra's attack.
The five-headed hydra bites you!
* * * LOW HITPOINT WARNING * * *
You block the five-headed hydra's attack.
Okay, then.
Okay, then.
Okay, then.
Press: ? - help, v - describe, . - travel The floor.
The five-headed hydra bites you.
* * * LOW HITPOINT WARNING * * *
The five-headed hydra bites you!
You die...

...# #.......# ...#
#.......# ...# ##......#
...# #......# ####
#......# # #......#
####### #......#
......############......#
...............D@.......#
..>.....................#
..................#####.#
..................# #.#
..................# #.#
..................# #.#
.....############.# #.#
.....# #.# #.# .....# #.#
#.#


You could see a five-headed hydra.

Vanquished Creatures
  A two-headed ogre (D:8)
  Pikel (D:4)
  The ghost of foci the Cleaver, a novice GrFi of Makhleb (D:5)
  A troll (D:9)
  The ghost of jasper the Cutter, an amateur DgBr (D:6)
  Eustachio (D:4)
  A wyvern (D:9)
  2 ice beasts (D:9)
  2 orc warriors
  2 black bears
  2 necrophages (D:8)
  A centaur (D:5)
  A phantom (D:6)
  A kobold brigand (D:7)
  2 bullfrogs
  A gnoll sergeant (D:8)
  3 scorpions
  6 wights
  A centaur zombie (D:8)
  A bullfrog zombie (D:4)
  3 jellies
  3 hounds (D:8)
  4 orc priests
  A centaur skeleton (D:4)
  Jessica (D:2)
  3 iguanas
  Natasha (thrice) (D:2)
  8 orc wizards
  3 worker ants
  2 hound zombies
  A hound skeleton (D:4)
  17 gnolls
  11 adders
  An adder zombie (D:9)
  5 worms
  The ghost of sraybest the Sneak, a weakling MiDe (D:4)
  A dart slug (D:2)
  5 leopard geckos
  27 orcs
  3 giant cockroaches
  6 goblins
  10 hobgoblins
  10 jackals
  13 kobolds
  2 quokkas
  5 ball pythons
  10 bats
  5 frilled lizards
  2 jackal skeletons (D:4)
  2 quokka skeletons (D:4)
  3 rats
203 creatures vanquished.

Vanquished Creatures (others)
  5 withered plants (D:8)
5 creatures vanquished.

Grand Total: 208 creatures vanquished

Notes
Turn   | Place    | Note
-------+----------+-------------------------------------------
     0 | D:1      | dickylongcocking the Draconian Conjurer began the quest for
                  | the Orb.
     0 | D:1      | Reached XP level 1. HP: 14/14 MP: 3/3
   590 | D:1      | Reached XP level 2. HP: 20/20 MP: 1/5
  1026 | D:1      | Learned a level 2 spell: Searing Ray
  1594 | D:2      | Reached skill level 5 in Conjurations
  1594 | D:2      | Reached XP level 3. HP: 21/26 MP: 0/6
  1662 | D:2      | Noticed Natasha
  1666 | D:2      | Killed Natasha
  1765 | D:2      | Noticed Natasha
  1769 | D:2      | Noticed Jessica
  1770 | D:2      | Killed Natasha
  1771 | D:2      | Reached XP level 4. HP: 20/33 MP: 1/7
  1773 | D:2      | Gained mutation: Your large and strong wings let you fly
                  | indefinitely. [potion of mutation]
  1773 | D:2      | Gained mutation: You expend magic power (3 MP) to
                  | strengthen your wands. [potion of mutation]
  1779 | D:2      | Killed Jessica
  1780 | D:2      | Reached skill level 6 in Conjurations
  1932 | D:2      | Found an ornate altar of the Wu Jian Council.
  2042 | D:2      | Found an iron altar of Okawaru.
  2154 | D:2      | Found a faded altar of an unknown god.
  2166 | D:2      | Noticed Natasha
  2170 | D:2      | Killed Natasha
  2171 | D:2      | Reached XP level 5. HP: 38/38 MP: 4/8
  3007 | D:3      | Found a sacrificial altar of Ru.
  3472 | D:4      | Reached skill level 7 in Conjurations
  3757 | D:4      | Noticed Eustachio
  3773 | D:4      | Killed Eustachio
  3774 | D:4      | Reached skill level 8 in Conjurations
  3774 | D:4      | Reached XP level 6. HP: 42/45 MP: 0/9
  4092 | D:4      | Found a transporter.
  4092 | D:4      | Noticed sraybest's ghost (weakling MiDe)
  4101 | D:4      | Found a transporter.
  4119 | D:4      | Found a white marble altar of Elyvilon.
  4126 | D:4      | Noticed Pikel
  4133 | D:4      | Killed Pikel
  4134 | D:4      | Your scales start taking on a glossy black colour.
  4134 | D:4      | Reached XP level 7. HP: 46/50 MP: 2/12
  4134 | D:4      | Gained mutation: You are resistant to electric shocks.
                  | (rElec) [Black Draconian growth]
  4606 | D:4      | Found Dyill's Magic Scroll Shop.
  4624 | D:4      | Reached skill level 9 in Conjurations
  4824 | D:4      | Bought a scroll of blinking for 82 gold pieces
  4920 | D:5      | Entered Level 5 of the Dungeon
  4954 | D:5      | Found a staircase to the Ecumenical Temple.
  4974 | Temple   | Entered the Ecumenical Temple
  5354 | Temple   | Became a worshipper of Sif Muna the Loreminder
  5501 | D:5      | Reached XP level 8. HP: 34/57 MP: 14/14
  6201 | D:5      | Found a runed translucent gate.
  6201 | D:5      | Noticed foci's ghost (novice GrFi)
  6202 | D:5      | Found a runed translucent gate.
  6202 | D:5      | Found a runed translucent gate.
  6539 | D:5      | Killed foci's ghost
  6540 | D:5      | Reached skill level 5 in Spellcasting
  7029 | D:6      | You fall into a shaft and drop 1 floor!
  7100 | D:7      | Reached skill level 10 in Conjurations
  8037 | D:6      | Reached XP level 9. HP: 56/62 MP: 13/18
  8060 | D:6      | Found a runed translucent door.
  8060 | D:6      | Noticed jasper's ghost (amateur DgBr)
  8202 | D:6      | Found a stormy altar of Qazlal.
  8538 | D:6      | Killed jasper's ghost
  8538 | D:6      | Reached * piety under Sif Muna
  8967 | D:7      | Found a shadowy altar of Dithmenos.
  9212 | D:7      | Reached skill level 11 in Conjurations
  9330 | D:4      | Killed sraybest's ghost
 10318 | D:8      | Noticed a two-headed ogre
 10327 | D:8      | Reached ** piety under Sif Muna
 10329 | D:8      | HP: 1/62 [two-headed ogre/+0 giant spiked club (20)]
 10538 | D:7      | Learned a level 3 spell: Dazzling Flash
 10541 | D:7      | Learned a level 2 spell: Blink
 11277 | D:8      | Found a hazy altar of Hepliaklqana.
 12000 | D:8      | Killed a two-headed ogre
 12001 | D:8      | Reached XP level 10. HP: 35/73 MP: 6/22
 12503 | D:9      | Found a blossoming altar of Fedhas.
 12636 | D:9      | Noticed a five-headed hydra
 12637 | D:9      | Noticed a cyan ugly thing
 12637 | D:9      | Noticed a boulder beetle
 12671 | D:9      | HP: 3/77 [five-headed hydra (9)]
 12689 | D:9      | HP: 3/77 [five-headed hydra (4)]
 12689 | D:9      | Mangled by a five-headed hydra

Illustrated notes

Levels and vault maps discovered:
D:1:      sevenhm_arrival_forest_fort_small_1, layout_loops_ring,
          minmay_crystal_water
D:2:      layout_rooms, marbit_many_paths, pdpol_wu_jian_five_deadly_venoms,
          chequers_ecumenical_altar_simple_redux, uniq_jessica, uniq_natasha
D:3:      layout_rooms, nicolae_ru_awakened_eye
D:4:      layout_cave_pods, elyvilon_altar_3, serial_shops, kennysheep_mini,
          gammafunk_ghost_mausoleum, uniq_eustachio, uniq_pikel
D:5:      layout_loops_ring, minmay_temple_entry_overgrown,
          ebering_ghost_rock_garden
D:6:      layout_basic, lemuel_doored_altar, hellmonk_ghost_happy_afterlife
D:7:      layout_basic, lemuel_round_altar, dk_noncrumbling_4
D:8:      layout_loops_ring, nicolae_overflow_crystal_walls, serial_undead,
          serial_undead_b, serial_undead_e, serial_undead_b, serial_undead_a,
          serial_undead_f, sigmund_army
D:9:      minmay_shrinking_squares, layout_irregular_city, lemuel_round_altar,
          overflow_temple_1_default, fedhas_ov_isle_minmay
Temple:   minmay_temple_forest_path

Skill      XL: |  1  2  3  4  5  6  7  8  9 10 |
---------------+-------------------------------+-----
Conjurations   | 5 6 8 9 10 11 | 11.7
Spellcasting   | 3 4 6 8 |  8.4
Fighting       | 2 3 |  3.2
Dodging        | 2 |  2.6
Invocations    | 2 3 |  3.1
Stealth        | |  1.7

Action                   |  1- 3 |  4- 6 |  7- 9 | 10-12 || total
-------------------------+-------+-------+-------+-------++-------
Melee: Dagger            |    16 |    59 |   167 |       ||   242
       Tailslap          |     3 |     3 |    11 |       ||    17
 Cast: Magic Dart        |    38 |     2 |       |       ||    40
       Searing Ray       |     7 |    27 |    60 |    15 ||   109
       Blink             |       |       |    13 |     1 ||    14
       Dazzling Flash    |       |       |     2 |     2 ||     4
 Abil: Breathe Lightning |       |       |     5 |       ||     5
       Fly               |       |       |     1 |       ||     1
Evoke: Wand              |       |       |    19 |       ||    19
  Use: Potion            |       |     5 |     5 |       ||    10
       Scroll            |       |       |     1 |       ||     1
 Stab: Sleeping          |       |     1 |     2 |       ||     3
       Paralysed         |       |       |    13 |       ||    13
Armor: Skin              |     3 |    17 |    78 |     1 ||    99
Dodge: Dodged            |     7 |    56 |   166 |    10 ||   239
Block: Other             |       |       |    45 |     5 ||    50

Table legend: (Time is in decaauts)
 A = Elapsed time spent in this place.
 B = Non-inter-level travel time spent in this place.
 C = Inter-level travel time spent in this place.
 D = Time resting spent in this place.
 E = Time spent auto-exploring this place.
 F = Levels seen in this place.
 G = Mean time per level.
                   A        B        C        D        E       F      G
               +--------+--------+--------+--------+--------+-----+--------+
         Total |  12700 |  11994 |    706 |   1945 |   8318 |  10 | 1270.0 |
       Dungeon |  12277 |  11613 |    664 |   1945 |   7943 |   9 | 1364.1 |
        Temple |    423 |    381 |     42 |      0 |    375 |   1 |  423.0 |
               +--------+--------+--------+--------+--------+-----+--------+

Top non-repeatable levels by time:
     D:7: 2114 daAuts
     D:4: 1867 daAuts
     D:5: 1739 daAuts
     D:6: 1427 daAuts
     D:8: 1360 daAuts
     D:1: 1357 daAuts
     D:2: 1223 daAuts
     D:3: 718 daAuts
     D:9: 468 daAuts
  Temple: 423 daAuts
